 Dungeon Crawl Stone Soup version 0.28-a0-704-g4d584c6bc1 (webtiles) character file.

Game seed: 14541121670509947203

2878 Gargoyl the Fighter (level 9, -7/66 HPs)
             Began as a Gnoll Abyssal Knight on Oct 24, 2021.
             Was a Priest of Lugonu.
             Killed from afar by an electric eel (9 damage)
             ... with a bolt of electricity
             ... on level 6 of the Dungeon.
             The game lasted 00:09:12 (7176 turns).

Gargoyl the Fighter (Gnoll Abyssal Knight)          Turns: 7176, Time: 00:09:13

Health: -7/66      AC: 11    Str: 18    XL:     9   Next: 76%
Magic:  11/15      EV: 13    Int: 10    God:    Lugonu [***...]
Gold:   72         SH:  0    Dex: 13    Spells: 17/17 levels left

rFire   + + +      SeeInvis .   g - +4 quarterstaff (chaos)
rCold   . . .      Faith    .   (shield currently unavailable)
rNeg    . . .      Spirit   .   d - +2 ring mail of Pan-Flutes {-Tele rF++}
rPois   .          Reflect  .   (no helmet)
rElec   .          Harm     .   n - +0 cloak
rCorr   .          Rampage  .   v - +0 pair of gloves {Str+3}
Will    .....      NoTele   +   (no boots)
Stlth   ++........              (no amulet)
HPRegen 0.21/turn               h - ring of protection from fire
MPRegen 0.14/turn               (no ring)

@: no status effects
A: fangs 1, strong nose, distributed training, frail 1
a: Renounce Religion, Depart the Abyss, Bend Space, Banish


You were on level 6 of the Dungeon.
You worshipped Lugonu.
Lugonu was most pleased with you.
You visited 1 branch of the dungeon, and saw 8 of its levels.
You visited the Abyss 1 time.

You collected 221 gold pieces.
You spent 149 gold pieces at shops.

Inventory:

Hand Weapons
 a - a +1 hand axe
 g - a +4 quarterstaff of chaos (weapon)
Missiles
 s - a throwing net
 t - 13 poisoned darts (quivered)
Armour
 d - the +2 ring mail of Pan-Flutes (worn) {-Tele rF++}
   (You found it on level 2 of the Abyss)

   rF:        It greatly protects you from fire.
   -Tele:     It prevents most forms of teleportation.
 n - a +0 cloak (worn)
 v - a +0 pair of gloves of strength (worn)
 A - a +0 buckler
Jewellery
 h - a ring of protection from fire (left hand)
 y - an amulet of reflection
 z - an amulet of magic regeneration
Wands
 c - a wand of paralysis (9)
 e - a wand of acid (8)
Scrolls
 f - 4 scrolls of fog
 i - a scroll of teleportation
 q - a scroll of identify
 u - a scroll of vulnerability {unknown}
 w - a scroll of noise {unknown}
 x - a scroll of enchant armour {unknown}
Potions
 j - 3 potions of heal wounds {unknown}
 k - a potion of brilliance
 l - a potion of resistance {unknown}
 m - a potion of might {unknown}
 o - 3 potions of mutation {unknown}
 p - 2 potions of attraction {unknown}
 r - 2 potions of cancellation {unknown}


   Skills:
 + Level 8.1 Fighting
 + Level 4.5 Short Blades
 + Level 4.5 Long Blades
 + Level 6.5 Axes
 + Level 4.5 Maces & Flails
 + Level 4.5 Polearms
 + Level 4.5 Staves
 + Level 4.5 Slings
 + Level 4.5 Bows
 + Level 4.5 Crossbows
 + Level 4.5 Throwing
 + Level 6.5 Armour
 + Level 5.3 Dodging
 + Level 4.5 Stealth
 + Level 4.5 Shields
 + Level 4.5 Unarmed Combat
 + Level 4.5 Spellcasting
 + Level 3.7 Conjurations
 + Level 3.7 Hexes
 + Level 3.7 Summonings
 + Level 3.7 Necromancy
 + Level 3.7 Translocations
 + Level 3.7 Transmutations
 + Level 3.7 Fire Magic
 + Level 3.7 Ice Magic
 + Level 3.7 Air Magic
 + Level 3.7 Earth Magic
 + Level 3.7 Poison Magic
 + Level 6.9 Invocations
 + Level 4.5 Evocations


You had 17 spell levels left.
You didn't know any spells.
Your spell library contained the following spells:

 Spells                   Type           Power      Damage    Failure   Level
 Shock                    Conj/Air       36%        1d5       9%          1
 Sting                    Tmut/Pois      36%        1d4       9%          1
 Swiftness                Air            9%         N/A       26%         3
 Airstrike                Air            4%         N/A       63%         4


Dungeon Overview and Level Annotations

Branches:
Dungeon (8/15)
 Temple: D:4-7         Lair: D:8-11

Altars:
Ashenzari
Uskayaw
Zin

Shops:
D:2 [   D:4 ([(*(   D:7 ?


Innate Abilities, Weirdness & Mutations

You have very sharp teeth.
Your uncanny sense of smell can sniff out nearby items.
Your experience applies equally to all skills.
You are frail. (-10% HP)


Message History

You barely miss the electric eel.
The electric eel is severely wounded.
The electric eel shoots out a bolt of lightning at you!
The bolt of electricity misses you.
You sock the electric eel!
You kill the electric eel!
Lugonu accepts your kill.
You enter the shallow water.
Moving in this stuff is going to be slow.
A centaur comes into view.
The centaur shouts!
The centaur wields a +0 shortbow.
The centaur shoots an arrow.
The arrow hits you!
The centaur shoots an arrow.
The arrow hits you!
The centaur shoots an arrow.
The arrow hits you!
An electric eel comes into view.
The centaur shoots an arrow.
The arrow hits you!
The centaur shoots an arrow.
The arrow barely misses you.
The electric eel shoots out a bolt of lightning at you!
The bolt of electricity hits you.
The centaur unwields a +0 shortbow.
The centaur barely misses you. x2
The electric eel shoots out a bolt of lightning at you!
The bolt of electricity hits you!
* * * LOW HITPOINT WARNING * * *
You barely miss the centaur. You bite the centaur, but do no damage.
The centaur hits you.
* * * LOW HITPOINT WARNING * * *
The centaur kicks you.
* * * LOW HITPOINT WARNING * * *
The centaur closely misses you. The centaur kicks you.
* * * LOW HITPOINT WARNING * * *
The electric eel shoots out a bolt of lightning at you!
The bolt of electricity hits you.
* * * LOW HITPOINT WARNING * * *
Press: ? - help, Shift-Dir - straight line, f - centaur
Aim: a centaur, quivering arrows (chance to affect: 84%)
The centaur is devoured by a tear in reality.
Lugonu claims a new guest.
The electric eel shoots out a bolt of lightning at you!
The bolt of electricity hits you!
You die...

∆ ######## ######
##P...P.## #..P.#
##.P..P.... ##...#.
##.P§§§P≈.P. #.#P.#.
#P..@.§≈≈≈.P ##.#....
#...≈≈≈≈S≈≈≈ #..P≈P..
#P.≈#≈≈#≈≈≈≈##..≈≈≈≈P
#.≈≈#≈≈# ≈≈≈#.P≈≈≈≈≈≈
#≈≈≈#≈≈# ##.≈≈≈≈≈.≈
##≈≈#### ##.≈≈#≈≈≈#≈
#≈## #≈≈≈###.###
##.##### #≈...#...#.
##....###..........


You could see an electric eel.

Vanquished Creatures
  Pikel (D:8)
  A shining eye (shapeshifter) (D:1)
  Sigmund (D:2)
  5 yaks (D:8)
  An ogre (D:4)
  Blork the orc (D:4)
  2 kobold brigands (D:8)
  4 killer bees (D:7)
  3 electric eels (D:6)
  A hound (D:4)
  3 orc priests (D:8)
  A gnoll shaman (D:3)
  Crazy Yiuf (D:2)
  A centaur skeleton (D:4)
  An iguana (D:4)
  4 orc wizards
  2 hound skeletons (D:4)
  8 gnolls
  2 adders
  An ufetubus (D:6)
  3 adder skeletons (D:4)
  6 worms
  9 orcs
  6 ball pythons
  5 bats
  4 endoplasms
  9 giant cockroaches
  13 goblins
  4 hobgoblins
  2 jackals (D:3)
  20 kobolds
  9 quokkas
  4 frilled lizards
  9 rats
147 creatures vanquished.

Vanquished Creatures (others)
  A fungus (D:2)
  15 plants (D:1)
16 creatures vanquished.

Grand Total: 163 creatures vanquished

Notes
Turn   | Place    | Note
-------+----------+-------------------------------------------
     0 | Abyss:1  | Gargoyl the Gnoll Abyssal Knight began the quest for the
                  | Orb.
     0 | Abyss:1  | Reached XP level 1. HP: 23/23 MP: 3/3
    34 | Abyss:1  | Noticed a neqoxec
    48 | Abyss:2  | Noticed a small abomination
    50 | Abyss:2  | Identified the +2 ring mail of Pan-Flutes {-Tele rF++}
    52 | D:1      | Escaped the Abyss
   304 | D:1      | Reached XP level 2. HP: 28/29 MP: 5/5
   472 | D:1      | Reached * piety under Lugonu
   664 | D:1      | Reached XP level 3. HP: 34/35 MP: 6/6
  1282 | D:2      | Found a faded altar of an unknown god.
  1287 | D:2      | Got Plato's Papyrus of Poisoning
  1313 | D:2      | Reached skill level 1 in Short Blades
  1313 | D:2      | Reached skill level 1 in Long Blades
  1313 | D:2      | Reached skill level 1 in Maces & Flails
  1313 | D:2      | Reached skill level 1 in Polearms
  1313 | D:2      | Reached skill level 1 in Staves
  1313 | D:2      | Reached skill level 1 in Slings
  1313 | D:2      | Reached skill level 1 in Bows
  1313 | D:2      | Reached skill level 1 in Crossbows
  1313 | D:2      | Reached skill level 1 in Throwing
  1313 | D:2      | Reached skill level 1 in Stealth
  1313 | D:2      | Reached skill level 1 in Shields
  1313 | D:2      | Reached skill level 1 in Unarmed Combat
  1313 | D:2      | Reached skill level 1 in Spellcasting
  1313 | D:2      | Reached skill level 1 in Evocations
  1313 | D:2      | Reached XP level 4. HP: 9/41 MP: 7/7
  1717 | D:2      | Found Ryguffawe's Antique Armour Shop.
  1783 | D:2      | Noticed Sigmund
  2235 | D:2      | Found a runed translucent door.
  2236 | D:2      | Noticed Crazy Yiuf
  2368 | D:2      | Killed Crazy Yiuf
  2369 | D:2      | Reached skill level 1 in Conjurations
  2369 | D:2      | Reached skill level 1 in Hexes
  2369 | D:2      | Reached skill level 1 in Summonings
  2369 | D:2      | Reached skill level 1 in Necromancy
  2369 | D:2      | Reached skill level 1 in Translocations
  2369 | D:2      | Reached skill level 1 in Transmutations
  2369 | D:2      | Reached skill level 1 in Fire Magic
  2369 | D:2      | Reached skill level 1 in Ice Magic
  2369 | D:2      | Reached skill level 1 in Air Magic
  2369 | D:2      | Reached skill level 1 in Earth Magic
  2369 | D:2      | Reached skill level 1 in Poison Magic
  2651 | D:1      | Reached XP level 5. HP: 47/47 MP: 8/8
  2655 | D:1      | Noticed a shapeshifter
  2655 | D:1      | a gnoll changed into a shapeshifter
  2655 | D:1      | Noticed a shining eye
  2655 | D:1      | a shapeshifter changed into a shining eye
  2659 | D:1      | Gained mutation: You are frail. (-10% HP) [a shining eye]
  2660 | D:1      | Killed a shining eye
  2661 | D:1      | Reached skill level 7 in Fighting
  2661 | D:1      | Reached skill level 5 in Axes
  2661 | D:1      | Reached skill level 5 in Armour
  2661 | D:1      | Reached skill level 5 in Invocations
  2661 | D:1      | Reached XP level 6. HP: 49/49 MP: 9/9
  2661 | D:1      | Reached XP level 7. HP: 54/54 MP: 10/10
  2710 | D:2      | Killed Sigmund
  2734 | D:3      | Reached ** piety under Lugonu
  2918 | D:3      | Found a hide-covered altar of Uskayaw.
  3723 | D:4      | Found Biriroem's General Store.
  3724 | D:4      | Found Huwi's Weapon Emporium.
  3865 | D:4      | Found Yqawuc's Weapon Boutique.
  4008 | D:4      | Noticed Blork the orc
  4023 | D:4      | Killed Blork the orc
  4024 | D:4      | Reached XP level 8. HP: 38/60 MP: 12/12
  4148 | D:4      | Found Pierph's Antique Weapon Shoppe.
  4651 | D:4      | Reached *** piety under Lugonu
  4806 | D:4      | Found Umuiffas's Armour Shoppe.
  4811 | D:4      | Bought a +0 pair of gloves of strength for 149 gold pieces
  5145 | D:5      | Entered Level 5 of the Dungeon
  5191 | D:5      | You fall into a shaft and drop 3 floors!
  5291 | D:8      | Found a broken altar of Ashenzari.
  5607 | D:8      | Noticed a yak
  5607 | D:8      | Noticed a yak
  5610 | D:8      | Noticed a yak
  5613 | D:8      | Noticed a yak
  5620 | D:8      | Noticed a yak
  5627 | D:8      | Killed a yak
  5634 | D:8      | Killed a yak
  5641 | D:8      | Killed a yak
  5642 | D:8      | Reached XP level 9. HP: 32/65 MP: 14/14
  6059 | D:8      | Noticed Pikel
  6068 | D:8      | HP: 3/66 [something (9)]
  6069 | D:8      | HP: 1/66 [something (3)]
  6071 | D:8      | Killed Pikel
  6072 | D:8      | Reached skill level 5 in Dodging
  6470 | D:7      | Reached skill level 8 in Fighting
  6811 | D:7      | Found a glowing silver altar of Zin.
  6815 | D:7      | Found Cudo's Magic Scroll Shop.
  7175 | D:6      | HP: 3/66 [centaur (3)]
  7175 | D:6      | HP: 1/66 [electric eel/bolt of electricity (2)]
  7176 | D:6      | Killed from afar by an electric eel

Illustrated notes

Levels and vault maps discovered:
D:1:      amcnicky_arrival_choice, layout_loops_ring,
          chequers_serial_rivers_room_b, hangedman_decor_points,
          minmay_misc_feat_iff, serial_park_tiny_pond, dk_noncrumbling_3,
          serial_bayou_lagoon_a, serial_park_tiny_1,
          hangedman_abyss_or_decor_stabs, grunt_decor_cap, minmay_misc_feat_rows
D:2:      minmay_door_path, layout_rooms, serial_shops, shop,
          shapermc_ecumenical_altar_rom_forum, chequers_serial_rivers_micro_d,
          uniq_crazy_yiuf_cottage, uniq_sigmund
D:3:      layout_loops_ring, nicolae_uskayaw_dance_hall
D:4:      layout_layer_cave, serial_shops, nicolae_take_the_stairs, shop, shop,
          nicolae_shop_temple_entry_statues_fountains, shop,
          portal_sewer_entry_e, st_stairs_9, minmay_between, uniq_blork_the_orc
D:5:      layout_loops_ring, temple_green
D:6:      wad_lake_hut, layout_basic, mainiacjoe_overflow_alcove_2,
          amcnicky_altar_gilded
D:7:      layout_rooms, grunt_temple_overflow_diamond, kennysheep_mini_moat,
          zin_treasury, serial_shops, shop, nrook_mini_vaults
D:8:      layout_loops_corners, nicolae_ashenzari_panopticon, uniq_pikel

Skill      XL: |  1  2  3  4  5  6  7  8  9 |
---------------+----------------------------+-----
Short Blades   | 1 2 3 4 |  4.5
Long Blades    | 1 2 3 4 |  4.5
Maces & Flails | 1 2 3 4 |  4.5
Polearms       | 1 2 3 4 |  4.5
Staves         | 1 2 3 4 |  4.5
Slings         | 1 2 3 4 |  4.5
Bows           | 1 2 3 4 |  4.5
Crossbows      | 1 2 3 4 |  4.5
Throwing       | 1 2 3 4 |  4.5
Stealth        | 1 2 3 4 |  4.5
Shields        | 1 2 3 4 |  4.5
Unarmed Combat | 1 2 3 4 |  4.5
Spellcasting   | 1 2 3 4 |  4.5
Evocations     | 1 2 3 4 |  4.5
Conjurations   | 1 2 3 |  3.7
Hexes          | 1 2 3 |  3.7
Summonings     | 1 2 3 |  3.7
Necromancy     | 1 2 3 |  3.7
Translocations | 1 2 3 |  3.7
Transmutations | 1 2 3 |  3.7
Fire Magic     | 1 2 3 |  3.7
Ice Magic      | 1 2 3 |  3.7
Air Magic      | 1 2 3 |  3.7
Earth Magic    | 1 2 3 |  3.7
Poison Magic   | 1 2 3 |  3.7
Fighting       | 7 8 |  8.1
Axes           | 5 6 |  6.5
Armour         | 5 6 |  6.5
Dodging        | 3 4 5 |  5.3
Invocations    | 5 6 |  6.9

Action                   |  1- 3 |  4- 6 |  7- 9 || total
-------------------------+-------+-------+-------++-------
Melee: Hand axe          |   132 |    56 |       ||   188
       Bite              |     6 |     9 |    22 ||    37
       Quarterstaff      |       |     8 |   298 ||   306
Throw: Dart              |       |       |     4 ||     4
Invok: Depart the Abyss  |     1 |       |       ||     1
       Banish            |       |       |     2 ||     2
  Use: Scroll            |     5 |     1 |     1 ||     7
       Potion            |       |     4 |     2 ||     6
 Stab: Sleeping          |       |       |     2 ||     2
Armor: Ring mail         |    54 |    24 |   113 ||   191
       Skin              |       |     7 |    16 ||    23
Dodge: Dodged            |    91 |    30 |   213 ||   334

Table legend: (Time is in decaauts)
 A = Elapsed time spent in this place.
 B = Non-inter-level travel time spent in this place.
 C = Inter-level travel time spent in this place.
 D = Time resting spent in this place.
 E = Time spent auto-exploring this place.
 F = Levels seen in this place.
 G = Mean time per level.
                   A        B        C        D        E       F      G
               +--------+--------+--------+--------+--------+-----+--------+
         Total |   7259 |   7012 |    247 |   1557 |   3942 |  10 |  725.9 |
       Dungeon |   7208 |   6961 |    247 |   1557 |   3913 |   8 |  901.0 |
         Abyss |     51 |     51 |      0 |      0 |     29 |   2 |   25.5 |
               +--------+--------+--------+--------+--------+-----+--------+

Top non-repeatable levels by time:
     D:4: 1481 daAuts
     D:1: 1380 daAuts
     D:8: 1246 daAuts
     D:2: 1236 daAuts
     D:3: 1052 daAuts
     D:7: 407 daAuts
     D:6: 357 daAuts
     D:5: 45 daAuts
 Abyss:1: 38 daAuts
 Abyss:2: 13 daAuts
